 Dungeon Crawl Stone Soup version 0.21-a0-185-g3a6ed1e (webtiles) character file.

91 wolfsongas the Sneak (level 4, 0/29 HPs)
             Began as an Octopode Assassin on Aug 12, 2017.
             Succumbed to a kobold's poison
             ... on level 3 of the Dungeon.
             The game lasted 00:02:33 (2197 turns).

wolfsongas the Sneak (Octopode Assassin)            Turns: 2197, Time: 00:02:34

Health: 0/29       AC:  1    Str:  8 (10) XL:     4   Next: 57%
Magic:  4/4        EV: 12    Int: 12 (13) God:
Gold:   75         SH:  0    Dex: 12 (14) Spells: 3/3 levels left

rFire    . . .     SeeInvis .   a - +2 dagger
rCold    . . .     Gourm    .   (no shield)
rNeg     . . .     Faith    .   (helmet restricted)
rPois    .         Spirit   .   (no amulet)
rElec    .         Reflect  .   (no ring)
rCorr    .         Harm     .   (no ring)
MR       .....                  (no ring)
Stlth    ++++......             (no ring)
HPRegen  0.09/turn              (no ring)
MPRegen  0.09/turn              (no ring)
                                (no ring)
                                (no ring)

@: lethally poisoned (0 -> -16)
A: almost no armour, stealthy swim, amphibious, 8 rings, constrict 8, camouflage
1, gelatinous body 1
a: no special abilities


You were on level 3 of the Dungeon.
You were full.

You visited 1 branch of the dungeon, and saw 3 of its levels.

You collected 75 gold pieces.

Inventory:

Hand Weapons
 a - a +2 dagger (weapon)
 b - a +0 blowgun
Missiles
 c - 8 poisoned needles
 d - 2 curare-tipped needles
Scrolls
 g - 4 scrolls of identify
 h - 2 scrolls of immolation
Potions
 j - a potion of magic
Comestibles
 f - 2 bread rations
 i - 2 meat rations
 k - a chunk of flesh


   Skills:
 - Level 2.0 Fighting
 * Level 3.1 Short Blades
 - Level 2.0 Throwing
 - Level 1.0 Dodging
 + Level 7.2 Stealth


You had 3 spell levels left.
You didn't know any spells.

Dungeon Overview and Level Annotations

Branches:
Dungeon (3/15)

Altars:
Hepliaklqana
Nemelex Xobeh
Okawaru
Xom


Innate Abilities, Weirdness & Mutations

You cannot wear most types of armour.
You are very stealthy in the water. (Stealth+)
You are amphibious.
You can wear up to eight rings at the same time.
You can use your tentacles to constrict eight enemies at once.
Your skin changes colour to match your surroundings (Stealth+).
Your rubbery body absorbs attacks. (AC +1, EV +1)


Message History

You constrict the orc. The orc hits you but does no damage.
The orc hits you with a club.
The kobold shoots a poisoned needle.
The poisoned needle hits you!
You are poisoned.
The adder bites you.
* * * LOW HITPOINT WARNING * * *
You are lethally poisoned!
The adder poisons you!
You hit the orc.
You kill the orc!
* * * LOW HITPOINT WARNING * * *
You feel sick. The orc closely misses you. The adder bites you.
* * * LOW HITPOINT WARNING * * *
The kobold shoots a poisoned needle.
The poisoned needle hits you!
You are more poisoned.
* * * LOW HITPOINT WARNING * * *
You feel sick.
The kobold shoots a poisoned needle.
The poisoned needle closely misses you.
You see here a club.
You die...

#......:... #.........
#........ .. #......# ...
####.....K####...
........r........
.........o.......
.......@)S†......
.................
.................
.........(.......
##################........
#.......# #........
........# #.###.#..
........# #.# .###
........# #.# .


You could see an adder, an orc, a kobold and a rat.

Vanquished Creatures
  4 gnolls (D:2)
  An adder (D:2)
  An ooze (D:2)
  A worm (D:2)
  2 dart slugs
  A leopard gecko (D:1)
  2 orcs (D:3)
  2 giant cockroaches (D:1)
  3 hobgoblins
  5 kobolds
  2 bats (D:2)
  2 frilled lizards
  5 goblins
  A rat (D:2)
32 creatures vanquished.

Notes
Turn   | Place    | Note
-------+----------+-------------------------------------------
     0 | D:1      | wolfsongas the Octopode Assassin began the quest for the Orb.
     0 | D:1      | Reached XP level 1. HP: 14/14 MP: 1/1
   306 | D:1      | Reached XP level 2. HP: 19/19 MP: 2/2
   786 | D:1      | Reached skill level 6 in Stealth
   952 | D:2      | Found an iron altar of Okawaru.
  1071 | D:2      | Found a sparkling altar of Nemelex Xobeh.
  1093 | D:2      | Reached XP level 3. HP: 7/24 MP: 3/3
  1325 | D:2      | HP: 1/24 [gnoll/halberd (11)]
  1330 | D:2      | HP: 1/24 [gnoll/spear (9)]
  1331 | D:2      | Reached XP level 4. HP: 1/29 MP: 4/4
  1672 | D:2      | Reached skill level 7 in Stealth
  1804 | D:2      | Found a shimmering altar of Xom.
  1807 | D:2      | Found a hazy altar of Hepliaklqana.
  1807 | D:2      | Noticed a tentacled monstrosity
  1808 | D:2      | Noticed a spectral ugly thing
  1808 | D:2      | Noticed a tentacled monstrosity
  2196 | D:3      | HP: 1/29 [poisoned by a kobold]
  2197 | D:3      | Succumbed to a kobold's poison

Vault maps used:
D:1:      minmay_arrival_stone_box, kennysheep_flooded_box,
          supply_closet_lemuel, palyth_stone_intersect
D:2:      regret_index_temple_of_mockery, okawaru_metal_pillars_3,
          lemuel_crystal_altar
D:3:      cheibrodos_old_hovel, grunt_temple_overflow_open, first_bread

Skill      XL: |  1  2  3  4 |
---------------+-------------+-----
Stealth        | 6 7 |  7.2
Short Blades   | 3 |  3.1
Fighting       | |  2.0
Throwing       | |  2.0
Dodging        | |  1.0

Action                   |  1- 3 |  4- 6 || total
-------------------------+-------+-------++-------
Melee: Dagger            |    43 |    26 ||    69
       Constrict         |     9 |     6 ||    15
       Tentacles         |     5 |     3 ||     8
  Use: Scroll            |     4 |       ||     4
       Potion            |     5 |       ||     5
 Stab: Sleeping          |     8 |     5 ||    13
       Distracted        |     2 |       ||     2
  Eat: Bread ration      |       |     2 ||     2
Armor: Skin              |       |     2 ||     2
Dodge: Dodged            |    23 |    12 ||    35
